 Dungeon Crawl Stone Soup version 0.28-a0-1387-g3a22ab9bdc (webtiles) character file.

Game seed: 12337749407365357915

1919 Conn the Firebug (level 9, -6/53 HPs)
             Began as an Octopode Fire Elementalist on Jan 2, 2022.
             Was a Follower of Sif Muna.
             Engulfed by a steam dragon's steam (11 damage)
             ... on level 7 of the Dungeon.
             The game lasted 00:15:04 (8128 turns).

Conn the Firebug (Octopode Fire Elementalist)       Turns: 8128, Time: 00:15:05

Health: -6/53      AC:  1    Str:  7    XL:     9   Next: 16%
Magic:  18/18      EV: 28    Int: 21    God:    Sif Muna [*.....]
Gold:   302        SH:  0    Dex: 13    Spells: 4/20 levels left

rFire   . . .      SeeInvis +   l - +1 short sword (venom)
rCold   . . .      Faith    .   (no shield)
rNeg    . . .      Spirit   .   (helmet restricted)
rPois   .          Reflect  .   A - amulet of the acrobat
rElec   .          Harm     .   b - ring of wizardry
rCorr   +          Rampage  .   c - ring of see invisible
Will    +....                   k - ring of resist corrosion
Stlth   ++++......              s - ring of willpower
HPRegen 0.17/turn               (no ring)
MPRegen 0.16/turn               (no ring)
                                (no ring)
                                (no ring)

@: acrobatic, invisible
A: almost no armour, amphibious, 8 rings, camouflage 1, gelatinous body 1,
(nimble swimmer 1), tentacles
a: Renounce Religion, Channel Magic


You were on level 7 of the Dungeon.
You worshipped Sif Muna.
Sif Muna was aware of your devotion.
You visited 2 branches of the dungeon, and saw 8 of its levels.

You collected 302 gold pieces.

Inventory:

Hand Weapons
 f - a +0 short sword
 l - a +1 short sword of venom (weapon)
Missiles
 d - 46 poisoned darts
Jewellery
 b - a ring of wizardry (left tentacle)
 c - a ring of see invisible (right tentacle)
 k - a ring of resist corrosion (on tentacle)
 r - an amulet of faith
 s - a ring of willpower (on tentacle)
 A - an amulet of the acrobat (around mantle)
 B - a ring of ice
Wands
 n - a wand of digging (3)
 t - a wand of iceblast (5)
 x - a wand of flame (21)
 z - a wand of mindburst (8)
Scrolls
 e - 2 scrolls of teleportation {unknown}
 g - a scroll of noise {unknown}
 i - 2 scrolls of enchant weapon {unknown}
 q - 2 scrolls of vulnerability {unknown}
 u - a scroll of fog {unknown}
 v - a scroll of enchant armour {unknown}
 w - a scroll of amnesia {unknown}
 y - a scroll of magic mapping {unknown}
 C - a scroll of torment {unknown}
Potions
 a - a potion of attraction
 h - a potion of flight
 j - a potion of invisibility
 m - 2 potions of heal wounds {unknown}
 o - a potion of magic {unknown}
 p - a potion of mutation {unknown}
 D - a potion of haste {unknown}


   Skills:
 + Level 1.4 Fighting
 + Level 0.2 Short Blades
 + Level 2.6 Dodging
 + Level 5.2 Stealth
 + Level 0.3 Unarmed Combat
 + Level 6.0 Spellcasting
 + Level 4.4 Conjurations
 + Level 0.8 Hexes
 + Level 7.3 Fire Magic
 * Level 2.4 Earth Magic
 * Level 1.7 Invocations


You had 4 spell levels left.
You knew the following spells:

 Your Spells              Type           Power      Damage    Failure   Level
a - Foxfire               Conj/Fire      100%       2x1d9     1%          1
b - Conjure Flame         Conj/Fire      31%        6-21      1%          3
c - Inner Flame           Hex/Fire       23%        N/A       2%          3
d - Flame Wave            Conj/Fire      31%        2d7       3%          4
e - Scorch                Fire           74%        2d9       1%          2
f - Stone Arrow           Conj/Erth      40%        3d9       2%          3

Your spell library contained the following spells:

 Spells                   Type           Power      Damage    Failure   Level
 Magic Dart               Conj           100%       1d8       1%          1
 Sandblast                Erth           32%        2d9       1%          1
 Searing Ray              Conj           50%        2d6       1%          2
 Passwall                 Tmut/Erth      9%         N/A       3%          2
 Corpse Rot               Necr/Air       12%        N/A       6%          2
 Poisonous Vapours        Pois/Air       12%        N/A       6%          2
 Confusing Touch          Hex            9%         N/A       9%          3
 Fulminant Prism          Conj/Hex       8%         3d7       13%         4
 Summon Lightning Spire   Summ/Air       6%         N/A       34%         4
 Yara's Violent Unravell  Hex/Tmut       4%         3d4       63%         5
 Conjure Ball Lightning   Conj/Air       7%         3x3d6     90%         6
 Enfeeble                 Hex            4%         N/A       100%        7
 Storm Form               Tmut/Air       3%         N/A       100%        7
 Discord                  Hex            4%         N/A       100%        8
 Disjunction              Tloc           3%         N/A       100%        8
 Maxwell's Capacitive Co  Air            3%         ∞         100%        8


Dungeon Overview and Level Annotations

Branches:
Dungeon (7/15)             Temple (1/1) D:4

Altars:
Ashenzari
Dithmenos
Elyvilon
Fedhas
Hepliaklqana
Kikubaaqudgha
Makhleb
Nemelex Xobeh
Okawaru
Qazlal
Ru
Sif Muna
Uskayaw
Xom
Yredelemnul
Zin
The Shining One


Innate Abilities, Weirdness & Mutations

You cannot wear most types of armour.
You are amphibious.
You can wear up to eight rings at the same time.
Your skin changes colour to match your surroundings (Stealth+).
Your rubbery body absorbs attacks. (AC +1, EV +1)
((You are camouflaged when in or above water. (Stealth+)))
You have tentacles for arms and can constrict up to eight enemies at once.


Message History

Things that are here:
a +0 robe; a +0 great sword
Items here: )) [[.
Found a whip.
You see here a +0 whip.
Found a stone staircase leading down.
C - a scroll labelled USIATEP XUIKK You now have 290 gold pieces (gained 19).
Found a mace.
D - a murky dark potion You now have 302 gold pieces (gained 12).
A steam dragon comes into view.
The helpless steam dragon fails to defend itself.
You puncture the steam dragon!
The steam dragon is heavily wounded.
The steam dragon breathes steam at you. The ball of steam hits you!!
You closely miss the steam dragon.
The steam dragon is heavily wounded.
You are engulfed in a cloud of scalding steam.
The steam dragon barely misses you. The steam dragon claws you.
You hit the steam dragon but do no damage.
The steam dragon is poisoned.
The steam dragon is moderately wounded.
The steam dragon bites you but does no damage.
The steam dragon barely misses you.
You closely miss the steam dragon.
The steam dragon is moderately wounded.
The steam dragon bites you. The steam dragon claws you.
The steam dragon breathes steam at you. The ball of steam hits you!
* * * LOW HITPOINT WARNING * * *
Okay, then.
Okay, then.
Unknown command.
Unknown command.
It was a potion of invisibility.
You fade into invisibility!
You are engulfed in a cloud of scalding steam.
You die...

#.#.....# #. #.###.### ##.
#..##.#####..
##.##........ #
#.##.#####.. #.#### #.##.#
#.... #..D.# #.##.# #.###
## ####§# #.##.###.### ..
#@# #.##........
#.#######§#####.##.###.###
#...............##.# #.#
#########.########.# #.#
#.# #.# #.#
#########.########.###.#
#......................#
#.#######.###.##########
## #.# #>....#


You could see a steam dragon (very poisoned, catching breath).

Vanquished Creatures
  The ghost of Lekart the Chopper, an amateur DrCK of Xom (D:7)
  An orc warrior (D:6)
  A necrophage (D:6)
  3 ogres
  A phantom (D:5)
  A bullfrog (D:7)
  2 wyvern zombies (D:6)
  A wyvern skeleton (D:5)
  2 scorpions (D:5)
  A water moccasin skeleton (D:3)
  4 wights (D:7)
  A centaur zombie (D:7)
  A bullfrog zombie (D:5)
  2 gnoll shamans (D:7)
  4 hounds
  A jelly (D:4)
  2 orc priests
  2 iguanas
  A howler monkey zombie (D:7)
  8 gnolls (D:7)
  4 adders
  A shadow imp (D:7)
  3 white imps
  2 adder skeletons
  A dart slug (D:1)
  9 orcs
  7 bats
  8 endoplasms
  3 giant cockroaches (D:2)
  9 goblins
  3 hobgoblins
  4 quokkas
  6 ball pythons
  A frilled lizard (D:2)
  7 kobolds
  2 rats
110 creatures vanquished.

Vanquished Creatures (others)
  395 foxfires
395 creatures vanquished.

Grand Total: 505 creatures vanquished

Notes
Turn   | Place    | Note
-------+----------+-------------------------------------------
     0 | D:1      | Conn the Octopode Fire Elementalist began the quest for the
                  | Orb.
     0 | D:1      | Reached XP level 1. HP: 11/11 MP: 3/3
   265 | D:1      | Reached XP level 2. HP: 16/17 MP: 1/5
   539 | D:1      | Found a faded altar of an unknown god.
  1165 | D:2      | Reached XP level 3. HP: 20/21 MP: 3/6
  1203 | D:2      | Reached skill level 4 in Fire Magic
  1788 | D:2      | Reached XP level 4. HP: 27/27 MP: 5/7
  2268 | D:2      | Learned a level 3 spell: Conjure Flame
  2272 | D:2      | Learned a level 3 spell: Inner Flame
  2730 | D:3      | Reached XP level 5. HP: 31/31 MP: 6/9
  3014 | D:4      | Identified the +4 ring mail "Zaigud" {Rampage Str+4}
  3231 | D:4      | Reached skill level 5 in Fire Magic
  3231 | D:4      | Reached XP level 6. HP: 22/36 MP: 6/10
  3466 | D:4      | Found a staircase to the Ecumenical Temple.
  3995 | Temple   | Entered the Ecumenical Temple
  4232 | Temple   | Became a worshipper of Sif Muna the Loreminder
  4295 | D:4      | Learned a level 4 spell: Flame Wave
  4310 | D:5      | Entered Level 5 of the Dungeon
  4509 | D:5      | Reached XP level 7. HP: 41/41 MP: 5/12
  5038 | D:6      | Learned a level 2 spell: Scorch
  5619 | D:5      | Reached skill level 6 in Fire Magic
  5786 | D:6      | Reached XP level 8. HP: 45/47 MP: 5/15
  6333 | D:6      | Reached skill level 5 in Spellcasting
  6391 | D:6      | Reached skill level 1 in Fighting
  6393 | D:6      | Reached skill level 5 in Stealth
  6914 | D:6      | Learned a level 3 spell: Stone Arrow
  7078 | D:7      | Found a runed translucent gate.
  7078 | D:7      | Found a runed translucent gate.
  7079 | D:7      | Found a runed translucent gate.
  7084 | D:7      | Noticed Lekart's ghost (amateur DrCK)
  7103 | D:7      | Killed Lekart's ghost
  7104 | D:7      | Reached skill level 1 in Earth Magic
  7104 | D:7      | Reached skill level 1 in Invocations
  7153 | D:7      | Reached skill level 7 in Fire Magic
  7518 | D:7      | Reached XP level 9. HP: 53/53 MP: 9/17
  7766 | D:7      | Reached * piety under Sif Muna
  8128 | D:7      | Engulfed by a steam dragon's steam

Illustrated notes

Levels and vault maps discovered:
D:1:      pf_arrival_petrified_forest, layout_basic,
          hellmonk_ecumenical_altar_crossroads, hex_large,
          chequers_serial_rivers_micro_d
D:2:      layout_loops_ring
D:3:      layout_rooms
D:4:      layout_rooms, minmay_temple_entry_trees
D:5:      layout_basic, roderic_roman_lattice, minmay_misc_feat_x
D:6:      layout_cave_pods
D:7:      layout_loops_ring, ebering_ghost_rock_garden
Temple:   mainiacjoe_temple_starburst

Skill      XL: |  1  2  3  4  5  6  7  8  9 |
---------------+----------------------------+-----
Fire Magic     | 4 5 6 7 |  7.3
Stealth        | 3 4 5 |  5.2
Spellcasting   | 3 4 5 6 |  6.0
Conjurations   | 2 3 4 |  4.4
Fighting       | 1 |  1.4
Earth Magic    | 1 2 |  2.4
Invocations    | 1 |  1.7
Short Blades   | |  0.2
Dodging        | |  2.6
Unarmed Combat | |  0.3
Hexes          | |  0.8

Action                   |  1- 3 |  4- 6 |  7- 9 || total
-------------------------+-------+-------+-------++-------
Melee: Unarmed           |    10 |     1 |       ||    11
       Constrict         |     3 |     7 |    10 ||    20
       Tentacles         |     2 |     3 |     9 ||    14
       Short sword       |       |    17 |    34 ||    51
       Punch             |       |     1 |       ||     1
 Cast: Foxfire           |    59 |   110 |    64 ||   233
       Scorch            |       |       |    35 ||    35
       Inner Flame       |       |       |     7 ||     7
       Flame Wave        |       |       |     1 ||     1
       Conjure Flame     |       |       |     4 ||     4
Evoke: Wand              |       |       |     2 ||     2
  Use: Scroll            |       |       |     2 ||     2
       Potion            |       |       |     1 ||     1
 Stab: Sleeping          |       |     2 |     6 ||     8
Armor: Skin              |     6 |     2 |     2 ||    10
Dodge: Dodged            |    22 |    18 |    33 ||    73

Table legend: (Time is in decaauts)
 A = Elapsed time spent in this place.
 B = Non-inter-level travel time spent in this place.
 C = Inter-level travel time spent in this place.
 D = Time resting spent in this place.
 E = Time spent auto-exploring this place.
 F = Levels seen in this place.
 G = Mean time per level.
                   A        B        C        D        E       F      G
               +--------+--------+--------+--------+--------+-----+--------+
         Total |   8133 |   7928 |    205 |    276 |   6108 |   8 | 1016.6 |
       Dungeon |   7842 |   7690 |    152 |    276 |   5878 |   7 | 1120.3 |
        Temple |    290 |    237 |     53 |      0 |    230 |   1 |  290.0 |
               +--------+--------+--------+--------+--------+-----+--------+

Top non-repeatable levels by time:
     D:6: 1464 daAuts
     D:5: 1288 daAuts
     D:1: 1150 daAuts
     D:2: 1128 daAuts
     D:7: 1041 daAuts
     D:4: 979 daAuts
     D:3: 790 daAuts
  Temple: 290 daAuts
